 Dungeon Crawl Stone Soup version 0.31.0-11-ge490571c62 (webtiles) character file.

Game seed: 2416245260828840122

125 Daunt the Chopper (level 5, -1/28 HPs)
             Began as a Vine Stalker Fighter on Jan 28, 2024.
             Incinerated by a bombardier beetle (3 damage)
             ... with a burning spray
             ... on level 4 of the Dungeon.
             The game lasted 00:07:26 (1104 turns).

Daunt the Chopper (Vine Stalker Fighter)            Turns: 1104, Time: 00:07:27

Health: -1/28      AC:  6    Str: 21    XL:     5   Next: 9%
Magic:  0/6        EV:  9    Int:  8    God:
Gold:   43         SH:  4    Dex: 13    Spells: 4/4 levels left

rFire   + . .        a - +0 war axe
rCold   + . .        c - +0 buckler
rNeg    . . .        b - +0 scale mail
rPois   +            (no helmet)
rElec   +            (no cloak)
rCorr   +            (no gloves)
SInv    .            (no boots)
Will    .....        (no amulet) Stlth
                     (no ring)
HPRegen 1.04/turn    (no ring)
MPRegen 0.10/turn

%: guardian spirit
@: on fire, resistant, glowing
A: fangs 2, regeneration 1, magic shield, antimagic bite, no potion heal 2
a: no special abilities


You were on level 4 of the Dungeon.
You visited 1 branch of the dungeon, and saw 4 of its levels.

You collected 43 gold pieces.

Inventory:

Hand Weapons
 a - a +0 war axe (weapon)
Missiles
 j - 9 stones (quivered)
Armour
 b - a +0 scale mail (worn)
 c - a +0 buckler (worn)
Scrolls
 e - a scroll of blinking {unknown}
 f - 2 scrolls of vulnerability {unknown}
 g - 2 scrolls of noise {unknown}
 k - a scroll of enchant armour {unknown}
 l - a scroll of enchant weapon {unknown}
Potions
 d - a potion of might
 h - a potion of berserk rage {unknown}
 i - a potion of resistance


   Skills:
 + Level 3.6 Fighting
 * Level 3.9 Axes
 - Level 2.4 Armour
 - Level 2.6 Shields


You had 4 spell levels left.
You didn't know any spells.
Your spell library contained the following spells:

 Spells                   Type           Power      Damage    Failure   Level
 Foxfire                  Conj/Fire      0%         2x1d4     83%         1
 Cigotuvi's Dreadful Rot  Necr/Alch/Air  0%         N/A       92%         2
 Ozocubu's Armour         Ice            0%         N/A       99%         3
 Dispel Undead            Necr           0%         3d6       100%        4
 Martyr's Knell           Necr/Summ      0%         N/A       100%        4
 Metabolic Englaciation   Hex/Ice        0%         N/A       100%        5
 Death Channel            Necr           0%         N/A       100%        6
 Plasma Beam              Fire/Air       0%         2x1d10    100%        6
 Sculpt Simulacrum        Ice/Alch       0%         N/A       100%        6
 Starburst                Conj/Fire      0%         6d3       100%        6


Dungeon Overview and Level Annotations

Branches:
Dungeon (4/15)
 Temple: D:4-7

Altars:
Ashenzari
Fedhas
Ru

Annotations:
D:4 Sigmund


Innate Abilities, Weirdness & Mutations

You have extremely sharp teeth.
Your natural rate of healing is unusually fast.
When hurt, damage is shared between your health and your magic reserves.
Your bite disrupts and absorbs the magic of your enemies.
Potions cannot restore your health.


Message History

You are even more covered in liquid fire!
You hit the bombardier beetle. Your bite misses the bombardier beetle.
The bombardier beetle is lightly wounded.
The liquid fire burns you!
You block the bombardier beetle's attack.
You slash the bombardier beetle!
You bite the bombardier beetle, but do no damage.
The bombardier beetle is heavily wounded.
The liquid fire burns you!
The bombardier beetle bites you but does no damage.
You barely miss the bombardier beetle. Your bite misses the bombardier beetle.
The bombardier beetle is heavily wounded.
The liquid fire burns you!
The bombardier beetle sprays incendiary fluid at you.
The burning spray hits you.
You are even more covered in liquid fire!
You slash the bombardier beetle! You bite the bombardier beetle.
You kill the bombardier beetle!
The liquid fire burns you!
You have reached level 5!
You shake off some of the fire as you move.
The liquid fire burns you!
Things that are here:
10 gold pieces; a +0 leather armour You shake off some of the fire as you move.
The liquid fire burns you!
* * * LOW HITPOINT WARNING * * *
You shake off some of the fire as you move.
The liquid fire burns you!
* * * LOW HITPOINT WARNING * * *
Unknown command.
You shake off some of the fire as you move.
The liquid fire burns you!
* * * LOW HITPOINT WARNING * * *
Okay, then.
Unknown command.
It was a potion of resistance.
You feel protected. The liquid fire burns you!
You die...

# . ######......
#.@.......S. #####
#.######.... #...# #.#
..... #...#
##$####......
###...####...†...)....
#........##..#........
#.#...##.##.........B.
#.#...##.##.##........
#.#...##.##.##........


There were no monsters in sight!

Vanquished Creatures
  A phantom (D:4)
  A bombardier beetle (D:4)
  2 dart slugs
  A bat (D:2)
  A giant cockroach (D:3)
  2 goblins
  2 hobgoblins (D:4)
  A kobold (D:3)
  2 quokkas (D:4)
  2 ball pythons (D:4)
  2 rats (D:3)
17 creatures vanquished.

Notes
Turn   | Place    | Note
-------+----------+-------------------------------------------
     0 | D:1      | Daunt the Vine Stalker Fighter began the quest for the Orb.
     0 | D:1      | Reached XP level 1. HP: 11/11 MP: 2/2
   248 | D:3      | Found a blossoming altar of Fedhas.
   374 | D:3      | Found a sacrificial altar of Ru.
   421 | D:3      | Reached XP level 2. HP: 16/16 MP: 3/3
   523 | D:3      | Found a broken altar of Ashenzari.
   527 | D:3      | Saw a vision of the Shoals and the Snake Pit.
   527 | D:3      | Noticed a cyclops
   527 | D:3      | Noticed a manticore
   527 | D:3      | Noticed a merfolk avatar
   527 | D:3      | Noticed a kraken
   527 | D:3      | Noticed a black mamba
   527 | D:3      | Noticed a naga
   527 | D:3      | Noticed a naga mage
   527 | D:3      | Noticed a salamander
   527 | D:3      | Noticed a sea snake
   527 | D:3      | Noticed a naga sharpshooter
   528 | D:3      | Noticed a wind drake
   814 | D:4      | Noticed a phantom
   832 | D:4      | Killed a phantom
   833 | D:4      | Reached XP level 3. HP: 14/20 MP: 2/4
   833 | D:4      | Reached XP level 4. HP: 17/24 MP: 2/5
   842 | D:4      | Noticed Sigmund
  1100 | D:4      | Reached XP level 5. HP: 15/28 MP: 0/6
  1103 | D:4      | HP: 1/28 [burnt (3)]
  1104 | D:4      | Incinerated by a bombardier beetle

Illustrated notes

Levels and vault maps discovered:
D:1:      dpeg_arrival_line_fractal, layout_loops_ring
D:2:      layout_basic
D:3:      layout_basic, grunt_ashenzari_visionary
          [grunt_ashenzari_visionary_shoals, grunt_ashenzari_visionary_snake],
          mainiacjoe_overflow_boulevard, nicolae_overflow_crystal_walls,
          serial_corexii_hall, corexii_hall_statues_l, corexii_hall_statues_l
D:4:      layout_basic, uniq_sigmund

Skill      XL: |  1  2 |
---------------+-------+-----
Axes           | 2 3 |  3.9
Fighting       | 3 |  3.6
Armour         | |  2.4
Shields        | |  2.6

Action                     |  1- 3 |  4- 6 || total
---------------------------+-------+-------++-------
  Melee: War axe           |    42 |    22 ||    64
         Bite              |     8 |     7 ||    15
    Use: Potion            |       |     1 ||     1
 Armour: Scale mail        |    29 |    14 ||    43
  Dodge: Dodged            |    24 |    10 ||    34
  Block: Buckler           |     8 |     7 ||    15
